Map: Ulzaan

Players

OpuS

  • Race: Protoss Protoss
  • League: Diamond
  • Spawn Location: 1:00

Sketchaphone

  • Race: Zerg Zerg
  • League: Platinum
  • Spawn Location: 3:00

Daemonic

  • Race: Zerg Zerg
  • League: Diamond
  • Spawn Location: 9:00

Timoteo

  • Race: Zerg Zerg
  • Spawn Location: 11:00

VOD

Have the link to the VOD?

Description

Time

  • Played on: March 3, 2019, 9:45 p.m.
  • Length: 18:01
Show
View Real Time Build Order
Export as new Build Order

OpuS Protoss 

Build Orders: 1 Gate Expand, Zealot Archon 

Get SALT Encoding   

  12  0:01  Probe  
  13  0:13  Probe  
  14  0:18  Pylon  
  14  0:25  Probe  
  15  0:37  Gateway  
  15  0:42  Probe  
  16  0:50  Probe, Assimilator  
  17  0:58  Probe  
  18  1:10  Probe  
  19  1:22  Probe  
  20  1:34  Nexus  
  20  1:37  Probe  
  21  1:49  Probe  
  21  1:53  Cybernetics Core  
  22  1:58  Probe  
  22  2:04  Assimilator  
  23  2:16  Pylon  
  23  2:18  Pylon  
  23  2:30  Warp Gate  
  23  2:34  Adept, Probe  
  26  2:40  Twilight Council  
  26  2:47  Probe x2  
  28  2:57  Gateway  
  28  3:06  Stalker  
  28  3:07  Probe  
  28  3:09  Probe  
  31  3:30  Templar Archives  
  31  3:32  Gateway  
  31  3:35  Gateway  
  31  3:40  Adept  
  33  3:46  Charge  
  33  3:47  Adept  
  35  3:50  Probe  
  35  3:51  Probe  
  37  4:03  Probe x2  
  39  4:15  Dark Shrine  
  39  4:18  Probe x2  
  41  4:30  Probe x2  
  43  4:32  Assimilator  
  43  4:33  Assimilator  
  43  4:37  Pylon  
  43  4:42  Probe  
  43  4:43  Probe  
  43  4:44  Forge  
  45  4:58  Protoss Ground Weapons Level 1, Probe x2  
  47  5:10  Probe  
  47  5:11  Probe  
  47  5:12  Gateway  
  49  5:14  High Templar, Gateway  
  49  5:15  High Templar  
  51  5:30  Archon  
  51  5:33  Probe x2  
  53  5:42  Nexus, Gateway  
  53  5:44  Gateway  
  53  5:46  High Templar  
  53  5:47  High Templar  
  57  5:50  Shadow Stride  
  57  5:51  Archon  
  57  5:59  Pylon  
  57  6:06  Robotics Facility  
  57  6:25  Dark Templar x2  
  59  6:26  Zealot  
  59  6:27  Zealot x3  
  69  6:41  Pylon  
  69  6:42  Pylon  
  69  6:45  Pylon  
  69  6:47  Pylon  
  69  6:55  Zealot x5  
  69  6:58  Zealot  
  81  7:05  Dark Templar  
  81  7:07  Dark Templar  
  85  7:13  Probe x3  
  88  7:18  Dark Templar  
  88  7:19  Protoss Ground Weapons Level 2  
  88  7:21  Dark Templar  
  92  7:25  Pylon  
  92  7:30  Pylon  
  92  7:38  Dark Templar  
  92  7:43  Zealot  
  96  7:44  Zealot  
  96  7:49  Probe x3  
  97  8:17  Zealot x5  
  97  8:18  Zealot x3  
  97  8:19  Probe x3  
  104  8:52  Zealot x3  
  104  8:53  Zealot x4  
  104  8:55  Zealot  
  100  8:58  Probe x3  
  91  9:10  Probe x3  
  94  9:17  Dark Templar x5  
  94  9:18  Dark Templar x3  
  94  9:19  Protoss Ground Weapons Level 3  
  110  9:31  Probe x3  
  112  9:32  Assimilator  
  112  9:36  Pylon  
  112  9:37  Assimilator  
  112  9:38  Pylon  
  113  9:40  Pylon  
  75  10:23  Robotics Facility  
  75  10:27  Probe x2  
  75  10:28  Probe  
  64  10:31  Zealot x2  
  64  10:32  Zealot x5  
  64  10:33  Zealot  
  80  10:37  Gateway  
  80  10:39  Gateway  
  80  10:42  Gateway  
  80  10:47  Gateway  
  80  10:55  Nexus  
  80  10:58  Assimilator  
  80  11:00  Dark Templar x4  
  80  11:01  Dark Templar  
  80  11:02  Dark Templar  
  80  11:03  Assimilator  
  92  11:05  Dark Templar  
  92  11:07  Pylon  
  92  11:08  Pylon  
  92  11:09  Dark Templar  
  96  11:33  Dark Templar x5  
  96  11:35  Zealot  
  96  11:37  Zealot  
  96  11:38  Zealot x3  
  116  11:47  Observer  
  116  11:50  Probe  
  116  11:51  Probe x2  
  118  12:02  Probe  
  111  12:09  Observer  
  111  12:10  Dark Templar x3  
  111  12:11  Probe x3  
  111  12:15  Probe  
  120  12:23  Probe x2  
  120  12:25  Protoss Shields Level 1  
  122  12:30  Observer  
  122  12:31  Dark Templar x2  
  122  12:32  Zealot x2  
  122  12:33  Zealot x4  
  122  12:34  Zealot  
  122  12:35  Probe x3  
  122  12:36  Probe  
  116  12:54  Dark Templar x3  
  116  12:55  Zealot x2  
  116  12:56  Zealot  
  118  13:15  Observer x2  
  118  13:16  Dark Templar x2  
  118  13:17  Zealot x3  
  118  13:18  Zealot x2  
  118  13:19  Dark Templar  
  136  13:25  Dark Templar  
  138  13:27  Zealot  
  138  13:28  Zealot x2  
  144  13:40  Zealot x4  
  144  13:41  Zealot  
  130  14:08  Dark Templar x4  
  130  14:09  Dark Templar x3  
  144  14:10  Dark Templar  
  144  14:11  Zealot x4  
  107  14:39  Dark Templar  
  107  14:40  Dark Templar x3  
  107  14:41  Zealot x3  
  107  14:42  Zealot x4  
  107  14:43  Zealot  
  110  15:04  Zealot x4  
  110  15:06  Zealot x2  
  95  15:07  Zealot  
  95  15:08  Zealot  
  93  15:21  Dark Templar  
  93  15:22  Dark Templar x3  
  93  15:26  Dark Templar  
  101  15:54  Dark Templar x2  
  101  15:55  Zealot  
  107  15:59  Nexus  
  83  16:26  Dark Templar x5  
  83  16:27  Zealot  
  90  16:46  Dark Templar  
  92  16:48  Zealot x4  
  100  16:56  Dark Templar  
  100  16:58  Zealot  
  104  17:10  Probe x2  
  106  17:17  Dark Templar x2  
  106  17:18  Zealot  
  112  17:31  Observer x2  
  88  17:50  Dark Templar x2  
Show
View Real Time Build Order
Export as new Build Order

Sketchaphone Zerg 

Build Orders: Pool First, Lurkers 

Get SALT Encoding   

  12  0:01  Drone  
  13  0:12  Overlord  
  13  0:22  Drone  
  13  0:25  Drone, Extractor  
  15  0:33  Drone  
  16  0:39  Drone  
  17  0:49  Spawning Pool  
  16  0:53  Drone  
  17  0:57  Extractor  
  17  0:58  Drone  
  17  1:38  Queen  
  20  1:40  Drone x2  
  20  1:41  Hatchery  
  20  1:50  Overlord  
  20  2:03  Spine Crawler  
  19  2:16  Zergling x2  
  19  2:18  Metabolic Boost, Zergling x2  
  21  2:27  Evolution Chamber, Drone  
  21  2:31  Zergling x2  
  22  2:38  Drone  
  23  2:47  Zergling x2  
  23  2:48  Zergling x4  
  23  2:51  Overlord  
  26  2:56  Zerg Melee Weapons Level 1  
  26  2:58  Zergling x2  
  27  3:04  Drone  
  28  3:10  Drone  
  29  3:18  Zergling x4  
  31  3:23  Zergling x2  
  32  3:28  Drone  
  33  3:34  Queen  
  33  3:35  Drone  
  33  3:39  Overlord  
  36  3:42  Drone  
  36  3:44  Drone  
  38  3:56  Zergling x6  
  38  3:59  Overlord  
  38  4:01  Drone  
  38  4:22  Spine Crawler  
  33  4:34  Spine Crawler  
  33  4:38  Zergling x2  
  32  4:39  Drone  
  32  4:40  Lair  
  32  4:41  Zergling x14  
  39  4:56  Zergling x4  
  41  5:00  Zergling x2  
  42  5:09  Hatchery  
  42  5:10  Drone  
  42  5:12  Extractor  
  41  5:15  Overlord  
  41  5:16  Drone x2  
  39  5:23  Drone  
  39  5:24  Drone  
  37  5:34  Drone x2  
  36  5:41  Zerg Missile Weapons Level 1  
  36  5:42  Hydralisk Den  
  35  5:43  Drone x2  
  37  5:51  Spine Crawler  
  37  5:56  Drone x3  
  39  6:07  Drone x3  
  42  6:16  Lurker Den  
  41  6:19  Drone x3, Extractor  
  41  6:21  Extractor  
  41  6:23  Queen  
  44  6:25  Drone  
  44  6:27  Drone  
  44  6:29  Drone  
  47  6:57  Hydralisk x2  
  47  6:58  Infestation Pit  
  47  7:00  Zergling x8  
  47  7:01  Overlord x2  
  54  7:05  Drone  
  54  7:07  Drone x4  
  59  7:13  Hydralisk  
  59  7:14  Hydralisk  
  63  7:28  Hydralisk x2  
  67  7:37  Overlord  
  67  7:41  Lurker  
  68  7:45  Lurker x2  
  68  7:47  Zergling x16  
  78  8:00  Zergling x12  
  83  8:09  Hydralisk x2  
  87  8:20  Drone x2  
  87  8:21  Overlord  
  74  8:59  Hydralisk x4  
  75  9:06  Hydralisk x4  
  75  9:09  Zerg Missile Weapons Level 2, Grooved Spines  
  77  9:10  Hydralisk x2  
  77  9:12  Zergling x2  
  77  9:13  Drone  
  77  9:15  Drone  
  77  9:16  Drone  
  85  9:18  Lurker  
  86  9:32  Drone x2  
  86  9:33  Drone  
  89  9:41  Lurker x2  
  89  9:43  Hatchery  
  90  9:51  Extractor x2  
  88  9:53  Drone x6  
  94  10:00  Hydralisk  
  84  10:40  Overseer  
  84  10:53  Overlord  
  84  10:54  Spire  
  84  10:55  Zergling x6  
  83  11:01  Hydralisk  
  83  11:02  Infestor x2  
  80  11:05  Lurker  
  80  11:06  Lurker x2, Hydralisk x2  
  80  11:07  Hydralisk  
  80  11:08  Zergling x12  
  95  11:16  Overseer  
  95  11:23  Pneumatized Carapace  
  95  11:34  Overlord x3  
  95  11:41  Overseer  
  89  12:15  Zergling x22  
  89  12:16  Zergling x10  
  81  12:42  Hydralisk x7  
  83  12:48  Overlord  
  83  12:49  Corruptor x2  
  83  12:50  Corruptor  
  82  12:55  Queen  
  82  12:57  Hive  
  84  12:59  Muscular Augments  
  84  13:00  Zerg Ground Armor Level 1  
  84  13:12  Overseer  
  74  13:24  Overseer x2  
  59  13:30  Queen  
  53  13:42  Spire  
  53  13:45  Infestor, Pathogen Glands  
  52  14:07  Zergling x18  
  48  14:48  Overseer  
  29  15:17  Overlord, Drone  
  29  15:18  Drone  
  28  15:28  Hatchery  
  28  15:30  Greater Spire  
  26  15:43  Hatchery  
  25  15:56  Drone x2  
  27  16:38  Overseer  
  27  16:54  Drone  
  28  17:19  Drone  
  29  17:24  Drone  
Show
View Real Time Build Order
Export as new Build Order

Daemonic Zerg 

Build Orders: 3 Hatch before Pool, Lurkers 

Get SALT Encoding   

  12  0:04  Drone  
  13  0:12  Overlord  
  13  0:22  Drone  
  14  0:33  Drone x2  
  16  0:38  Drone  
  17  0:47  Drone  
  18  1:02  Drone  
  19  1:06  Extractor  
  19  1:08  Hatchery  
  19  1:11  Drone  
  18  1:29  Drone  
  18  1:32  Hatchery  
  18  1:44  Spawning Pool  
  17  1:56  Drone  
  17  1:57  Drone x2  
  20  2:17  Overlord  
  20  2:18  Drone  
  20  2:21  Drone  
  22  2:29  Drone  
  23  2:31  Drone  
  24  2:43  Zergling x4  
  26  2:44  Zergling x2  
  27  2:57  Overlord  
  27  2:58  Zergling x4  
  29  3:01  Drone  
  29  3:02  Roach Warren  
  29  3:03  Metabolic Boost  
  29  3:04  Zergling x2  
  30  3:12  Drone  
  31  3:15  Drone x2  
  31  3:18  Drone  
  34  3:23  Drone  
  34  3:26  Drone  
  36  3:27  Drone  
  36  3:31  Queen  
  40  3:34  Drone  
  40  3:36  Drone  
  41  3:50  Roach, Drone x2  
  41  3:51  Queen  
  41  3:52  Drone  
  48  3:58  Lair  
  48  4:00  Drone  
  48  4:01  Drone  
  50  4:10  Overlord  
  45  4:21  Queen  
  44  4:33  Roach  
  44  4:35  Roach x2  
  44  4:36  Roach  
  44  4:38  Roach  
  51  4:39  Roach  
  51  4:42  Overlord  
  51  4:53  Overlord, Drone x3  
  51  4:54  Roach  
  51  4:58  Extractor  
  55  5:03  Roach  
  55  5:06  Roach  
  59  5:07  Queen  
  61  5:19  Roach  
  63  5:22  Overlord  
  63  5:24  Overlord  
  63  5:25  Zergling x6  
  63  5:26  Zergling x4  
  66  5:32  Roach  
  66  5:33  Zergling x4  
  70  5:39  Roach x2  
  70  5:40  Zergling x2  
  70  5:41  Drone x3  
  78  5:45  Drone  
  79  5:54  Roach, Drone  
  79  5:55  Drone  
  79  5:56  Drone  
  84  5:58  Drone  
  84  6:01  Overseer  
  84  6:03  Drone x2  
  87  6:04  Drone  
  87  6:07  Drone  
  87  6:09  Overseer  
  87  6:10  Drone  
  90  6:18  Overlord  
  90  6:22  Overlord  
  90  6:23  Overlord x3  
  90  6:26  Hatchery  
  86  6:44  Drone  
  86  6:45  Drone  
  86  6:46  Drone  
  89  6:49  Spine Crawler, Drone x4  
  89  6:50  Spine Crawler, Overlord, Drone  
  89  6:51  Drone x3  
  89  6:52  Drone  
  96  6:57  Overlord, Drone x2  
  96  6:58  Drone  
  97  7:13  Drone x2  
  99  7:20  Hydralisk Den, Drone  
  99  7:25  Roach  
  99  7:27  Overlord, Roach  
  99  7:28  Drone x2  
  99  7:29  Drone x2  
  107  7:30  Extractor  
  107  7:32  Drone, Extractor  
  107  7:34  Drone  
  107  7:38  Drone, Extractor  
  107  7:39  Extractor  
  106  8:03  Lurker Den  
  105  8:15  Pneumatized Carapace  
  105  8:18  Zergling x2  
  105  8:19  Roach, Zergling x6  
  125  8:20  Roach x14  
  125  8:25  Overseer, Spore Crawler  
  133  8:28  Drone  
  133  8:33  Roach  
  100  8:48  Roach x5  
  100  8:49  Roach x2  
  100  8:53  Hydralisk  
  80  9:05  Hydralisk  
  80  9:06  Drone x2  
  84  9:11  Drone  
  84  9:12  Drone  
  84  9:15  Hydralisk  
  88  9:20  Hatchery  
  88  9:22  Hydralisk  
  88  9:23  Drone, Extractor  
  88  9:24  Drone x2  
  90  9:28  Evolution Chamber  
  90  9:29  Drone x2  
  90  9:30  Grooved Spines  
  92  9:31  Evolution Chamber  
  92  9:32  Hydralisk  
  92  9:35  Hydralisk  
  92  9:37  Hydralisk  
  97  9:40  Drone  
  98  9:49  Lurker  
  100  9:52  Lurker  
  100  9:54  Lurker  
  89  10:07  Hatchery  
  77  10:14  Roach x3  
  77  10:15  Hydralisk x5  
  77  10:19  Hydralisk  
  77  10:20  Zergling x18  
  102  10:33  Overseer  
  102  10:34  Lurker x2  
  102  10:35  Zergling x10  
  106  10:41  Muscular Augments, Zergling x2  
  106  10:42  Zergling x2  
  108  10:46  Overseer x2  
  108  10:47  Zergling x4  
  103  11:00  Drone x2  
  103  11:01  Drone x4  
  103  11:02  Drone x7  
  114  11:10  Drone  
  115  11:12  Overlord  
  115  11:13  Drone x3  
  118  11:18  Zerg Missile Weapons Level 1  
  118  11:19  Zerg Ground Armor Level 1  
  118  11:24  Infestation Pit  
  117  11:28  Drone x2  
  117  11:30  Extractor  
  118  11:38  Queen  
  120  11:44  Queen  
  120  11:46  Drone x4  
  126  11:47  Hydralisk x2  
  126  11:48  Hydralisk x8  
  113  12:11  Hydralisk x2  
  113  12:12  Hydralisk x10  
  113  12:15  Lurker x2  
  114  12:24  Lurker x2  
  114  12:28  Hydralisk x2  
  116  12:39  Lurker  
  113  12:45  Hydralisk  
  115  12:55  Drone  
  116  13:08  Hive  
  116  13:09  Drone  
  117  13:19  Spore Crawler x2  
  115  13:20  Spine Crawler  
  115  13:22  Spine Crawler  
  115  13:23  Spine Crawler  
  112  13:27  Spore Crawler  
  112  13:29  Zerg Missile Weapons Level 2, Spore Crawler  
  112  13:30  Zerg Ground Armor Level 2  
  112  13:31  Spire, Hydralisk x2  
  112  13:33  Drone  
  114  13:36  Drone x9, Extractor  
  114  13:38  Extractor  
  114  13:39  Hydralisk  
  114  13:41  Overseer x3  
  123  13:45  Hydralisk x2  
  123  13:46  Hydralisk  
  129  13:49  Overlord x3  
  129  13:50  Overlord  
  129  13:58  Hatchery  
  82  14:06  Hydralisk x6  
  82  14:07  Hydralisk  
  82  14:08  Zergling x2  
  82  14:09  Zergling x6  
  97  14:11  Zergling x2  
  98  14:21  Zergling x2  
  98  14:22  Zergling x12  
  98  14:23  Hydralisk  
  96  14:34  Hydralisk x2  
  96  14:36  Zergling x2  
  91  14:40  Zergling x6  
  91  14:43  Zergling x2  
  86  14:45  Hydralisk  
  86  14:48  Zergling x2  
  86  14:51  Zergling x2  
  85  14:52  Drone  
  84  15:04  Zergling x8, Hydralisk  
  91  15:07  Zergling x2, Hydralisk  
  91  15:13  Lurker Den  
  90  15:17  Hydralisk  
  90  15:18  Drone  
  93  15:37  Hydralisk  
  93  15:39  Hatchery, Hydralisk x3  
  95  16:01  Hydralisk x8  
  95  16:04  Overlord  
  111  16:05  Drone x2  
  111  16:11  Drone x4  
  115  16:16  Hydralisk  
  107  16:22  Hydralisk x2  
  107  16:25  Zergling x4  
  105  16:29  Drone  
  105  16:30  Drone  
  107  16:36  Drone x2  
  107  16:38  Spine Crawler  
  107  16:39  Drone  
  109  16:40  Hydralisk  
  109  16:44  Pathogen Glands  
  111  16:47  Infestor  
  111  16:49  Infestor  
  115  17:01  Viper  
  115  17:02  Viper  
  115  17:03  Infestor x2  
  115  17:06  Lurker x2  
  115  17:08  Lurker  
  128  17:12  Drone x2  
Show
View Real Time Build Order
Export as new Build Order

Timoteo Zerg 

Build Orders: Hatch First, Lurkers 

Get SALT Encoding   

  12  0:02  Drone  
  13  0:09  Drone  
  14  0:20  Overlord  
  14  0:44  Hatchery  
  14  0:47  Drone  
  14  0:52  Drone, Extractor  
  14  1:00  Drone  
  14  1:01  Drone  
  16  1:20  Spawning Pool  
  16  1:21  Drone  
  16  1:26  Drone  
  16  1:31  Drone  
  18  1:41  Drone  
  19  1:52  Drone  
  20  1:58  Drone  
  21  2:03  Drone  
  21  2:06  Drone  
  23  2:14  Drone  
  24  2:17  Drone  
  24  2:20  Queen  
  27  2:29  Overlord  
  27  2:35  Overlord  
  27  2:38  Drone  
  28  2:46  Queen  
  28  2:49  Drone  
  28  2:50  Drone x2  
  33  3:02  Drone  
  33  3:03  Drone  
  35  3:07  Zergling x2  
  35  3:10  Spine Crawler  
  35  3:11  Zergling x2  
  36  3:23  Drone  
  36  3:24  Drone  
  38  3:28  Drone  
  38  3:32  Metabolic Boost  
  38  3:33  Overlord  
  39  3:39  Extractor  
  39  3:40  Spore Crawler  
  37  3:43  Extractor  
  37  3:45  Lair  
  36  3:50  Evolution Chamber  
  36  3:52  Drone x3  
  36  3:53  Roach Warren  
  37  4:00  Zergling x2  
  37  4:01  Overlord  
  38  4:06  Drone x3  
  38  4:07  Drone  
  42  4:13  Zergling x6  
  43  4:27  Drone x4  
  43  4:28  Drone  
  48  4:39  Drone, Hatchery  
  48  4:40  Drone  
  49  4:47  Roach  
  49  4:51  Drone  
  52  4:56  Zerg Ground Armor Level 1  
  52  5:09  Overlord x3  
  52  5:11  Overlord  
  52  5:13  Overlord x2  
  52  5:22  Overlord x2  
  48  5:30  Roach  
  48  5:31  Roach  
  52  5:44  Drone x2  
  52  5:47  Roach x2  
  52  5:48  Roach  
  60  5:54  Spore Crawler  
  59  5:59  Hydralisk Den, Drone x2  
  59  6:00  Drone  
  59  6:01  Evolution Chamber  
  59  6:03  Drone x2  
  62  6:05  Roach  
  62  6:09  Queen, Extractor  
  65  6:12  Drone  
  65  6:13  Drone x2  
  65  6:18  Spore Crawler, Drone x3  
  70  6:19  Drone  
  70  6:21  Extractor  
  70  6:30  Drone  
  71  6:39  Hydralisk  
  71  6:40  Hydralisk x2  
  77  6:53  Drone x2  
  79  6:58  Drone x2  
  79  6:59  Drone x2  
  79  7:00  Hatchery  
  82  7:08  Roach x3  
  88  7:09  Roach x2  
  88  7:11  Roach  
  88  7:12  Roach  
  96  7:16  Hydralisk  
  96  7:17  Hydralisk x3  
  96  7:22  Drone  
  105  7:23  Extractor  
  105  7:25  Spore Crawler, Drone x2  
  105  7:27  Drone  
  105  7:28  Drone  
  107  7:47  Drone x2  
  107  7:48  Drone  
  110  7:51  Hydralisk x2  
  110  7:53  Hydralisk x3  
  110  7:55  Drone  
  121  7:58  Overseer  
  121  7:59  Overlord  
  121  8:00  Overlord  
  121  8:01  Overlord  
  121  8:02  Drone  
  122  8:06  Pneumatized Carapace  
  102  8:20  Hydralisk x5  
  102  8:21  Roach  
  102  8:22  Roach x2  
  102  8:24  Overseer  
  120  8:27  Roach  
  120  8:36  Hydralisk x2  
  124  8:43  Roach x4  
  130  8:50  Hydralisk x2  
  130  8:52  Roach  
  130  8:58  Hydralisk  
  130  9:07  Hydralisk x2  
  130  9:09  Hydralisk  
  134  9:12  Drone  
  134  9:14  Drone x2  
  134  9:15  Drone x2  
  134  9:16  Drone  
  140  9:18  Drone  
  140  9:19  Drone x2  
  140  9:21  Drone  
  140  9:24  Overlord x4  
  144  9:27  Spore Crawler  
  144  9:30  Spine Crawler  
  142  9:34  Hydralisk  
  142  9:37  Extractor  
  142  9:38  Drone  
  144  9:39  Overlord x2  
  144  9:40  Overlord  
  144  9:41  Overlord, Queen, Hydralisk  
  148  9:47  Glial Reconstitution  
  148  9:49  Lurker Den  
  148  9:50  Grooved Spines  
  147  9:55  Zerg Missile Weapons Level 1  
  147  10:07  Spore Crawler  
  136  10:15  Hydralisk x4  
  136  10:16  Hydralisk x2  
  132  10:27  Hydralisk  
  126  10:30  Overlord x3  
  126  10:31  Drone x3, Hydralisk x2  
  126  10:32  Hydralisk x2  
  126  10:34  Drone x2  
  137  10:36  Overseer  
  137  10:37  Overseer x2  
  137  10:38  Overlord  
  137  10:44  Drone x3  
  137  10:48  Hydralisk x2  
  144  10:52  Hydralisk  
  144  10:56  Hydralisk x2  
  150  11:00  Drone x2  
  150  11:01  Muscular Augments, Zergling x2, Drone  
  150  11:03  Zergling x2  
  155  11:08  Extractor  
  154  11:11  Drone x2  
  154  11:12  Drone x2  
  154  11:13  Drone x2  
  154  11:16  Hatchery, Hydralisk  
  154  11:17  Hydralisk  
  163  11:19  Drone x2  
  163  11:24  Zerg Ground Armor Level 2  
  166  11:25  Drone  
  166  11:31  Lurker x3  
  169  11:33  Zergling x4  
  169  11:36  Drone  
  169  11:37  Overlord x2, Drone  
  169  11:38  Drone  
  174  11:41  Drone  
  174  11:45  Evolution Chamber  
  174  11:47  Infestation Pit  
  174  11:50  Drone x3  
  174  11:51  Drone x2  
  178  11:59  Hydralisk x4  
  178  12:00  Hydralisk  
  178  12:01  Drone  
  189  12:05  Hydralisk x3  
  192  12:26  Drone x2  
  192  12:27  Drone x2  
  192  12:28  Drone x2  
  197  12:31  Drone  
  197  12:36  Hydralisk  
  197  12:40  Hydralisk  
  197  12:42  Hydralisk  
  183  12:55  Hydralisk x3  
  183  12:56  Hydralisk x2  
  185  13:28  Hydralisk x5  
  185  13:30  Drone  
  185  13:34  Drone x4  
  198  13:35  Hatchery  
  198  13:40  Hive  
  199  13:43  Drone  
  198  13:51  Lurker  
  198  13:53  Lurker  
  200  14:06  Roach  
  192  14:26  Drone  
  192  14:27  Drone x4  
  192  14:31  Hydralisk x4  
  191  14:32  Drone  
  198  14:59  Hydralisk x2  
  184  15:00  Drone  
  184  15:01  Drone x4  
  184  15:02  Drone  
  184  15:04  Ultralisk Cavern  
  184  15:05  Drone  
  184  15:06  Zerg Ground Armor Level 3, Zerg Missile Weapons Level 2  
  170  15:08  Zerg Melee Weapons Level 1, Drone x2  
  170  15:09  Drone x2  
  170  15:12  Drone  
  163  15:14  Spine Crawler  
  163  15:15  Spine Crawler  
  163  15:17  Spine Crawler, Drone  
  163  15:18  Spine Crawler x2, Drone  
  163  15:19  Drone x2  
  163  15:20  Spine Crawler, Drone  
  139  15:23  Spine Crawler  
  139  15:25  Spine Crawler  
  139  15:27  Hydralisk  
  137  15:40  Hydralisk x2  
  135  15:47  Hydralisk x6  
  135  15:48  Hydralisk  
  135  15:49  Roach x4  
  157  15:55  Hydralisk x2  
  157  15:56  Hydralisk  
  163  15:59  Drone  
  164  16:06  Hydralisk x3  
  164  16:11  Drone  
  171  16:12  Queen  
  173  16:21  Hydralisk x3  
  173  16:22  Hydralisk  
  181  16:26  Lurker  
  181  16:32  Lurker x2  
  185  16:33  Lurker  
  185  16:34  Ultralisk x2  
  185  16:37  Chitinous Plating  
  197  16:42  Lurker x3  
  200  16:57  Spore Crawler  
  199  17:04  Extractor  
  199  17:05  Extractor  
  197  17:14  Hydralisk  
  199  17:16  Drone  
Tags
 
Add a new tag
Caveats
  • Supply blocks, unpowered buildings, or Contaminate may cause inaccurate times.
  • Supply counts are checked every 10 seconds.